 Dungeon Crawl Stone Soup version 0.31-a0-360-gb3e1d13bf4 (webtiles) character file.

Game seed: 4120419984718672497

58 Vomitron the Slasher (level 3, -2/28 HPs)
             Began as a Demonspawn Gladiator on July 26, 2023.
             Killed from afar by an orc wizard (11 damage)
             ... with a puff of flame
             ... on level 3 of the Dungeon.
             The game lasted 00:02:15 (1747 turns).

Vomitron the Slasher (Demonspawn Gladiator)         Turns: 1747, Time: 00:02:15

Health: -2/28      AC:  3    Str: 14    XL:     3   Next: 75%
Magic:  3/3        EV: 12    Int:  9    God:
Gold:   123        SH:  0    Dex: 16    Spells: 2/2 levels left

rFire   . . .        a - +0 long sword
rCold   . . .        (no shield)
rNeg    . . .        b - +0 leather armour
rPois   .            (helmet restricted)
rElec   .            (no cloak)
rCorr   .            (no gloves)
SInv    .            (no boots)
Will    .....        (no amulet)
Stlth   +            (no ring)
HPRegen 0.24/turn    (no ring)
MPRegen 0.08/turn

%: no passive effects
@: studying Transmutations
A: antennae 2
a: no special abilities


You were on level 3 of the Dungeon.
You visited 1 branch of the dungeon, and saw 3 of its levels.

You collected 123 gold pieces.

Inventory:

Hand Weapons
 a - a +0 long sword (weapon)
Missiles
 d - 3 throwing nets
 e - a javelin
Armour
 b - a +0 leather armour (worn)
 c - a +0 helmet
 f - a +0 chain mail of fire resistance
Scrolls
 h - a scroll of silence {unknown}
 i - a scroll of amnesia {unknown}
 j - a scroll of enchant armour {unknown}
 k - a scroll of noise {unknown}
 l - a scroll of identify {unknown}
 m - a scroll of blinking {unknown}
 n - a scroll of fog {unknown}


   Skills:
 + Level 2.6 Fighting
 * Level 3.5 Long Blades
 - Level 1.7 Throwing
 + Level 3.2 Dodging


You had 2 spell levels left.
You didn't know any spells.
Your spell library contained the following spells:

 Spells                   Type           Power      Damage    Failure   Level
 Sting                    Tmut/Pois      0%         1d3       45%         1
 Poisonous Vapours        Pois/Air       0%         N/A       61%         2
 Dazzling Flash           Conj/Hex       0%         N/A       83%         3
 Volatile Blastmotes      Fire/Tloc      0%         2d10      83%         3
 Fulminant Prism          Conj/Hex       0%         3d5       99%         4
 Iskenderun's Mystic Bla  Conj/Tloc      0%         2d3       99%         4
 Olgreb's Toxic Radiance  Pois           0%         N/A       99%         4
 Agony                    Necr           0%         N/A       100%        5
 Silence                  Hex/Air        0%         N/A       100%        5


Dungeon Overview and Level Annotations

Branches:
Dungeon (3/15)

Altars:

Shops:
D:1 :


Innate Abilities, Weirdness & Mutations

You have a pair of antennae on your head.


Message History

You hit the orc wizard.
The orc wizard is moderately wounded.
The orc wizard hits you but does no damage.
You closely miss the orc wizard.
The orc wizard is moderately wounded.
The orc wizard casts a spell at you.
You are confused.
The orc wizard hits you with a +0 dagger.
You closely miss the orc wizard.
The orc wizard is moderately wounded.
The orc wizard hits you with a +0 dagger.
You miss the orc wizard.
The orc wizard is moderately wounded.
The orc wizard barely misses you.
You bump into the rock wall.
The orc wizard hits you with a +0 dagger.
You miss the orc wizard.
The orc wizard is moderately wounded.
The orc wizard casts a spell.
The orc wizard flickers and vanishes!
Deactivating autopickup; reactivate with Ctrl-A.
You barely miss something. Something hits you but does no damage.
You hit something.
You feel less confused. Something hits you but does no damage.
Something hits you.
You hit something.
You hear some strange, mumbled words.
Something tries to affect you, but you resist.
You miss something.
You hear some strange, mumbled words.
A puff of flame appears from out of thin air!
The puff of flame hits you!
You miss something.
You hear some strange, mumbled words.
Something tries to affect you, but you resist.
You miss something. Something hits you.
You hear some strange, mumbled words.
A puff of flame appears from out of thin air!
The puff of flame hits you!
You die...

.## .(#
## # #.#
.
#.#.#.#
.#.#.
(w. #{#
#@# #.#
###.#
#...#
#.###
#.# #(#
#.######
#.#....#


You could see a worm.

Vanquished Creatures
  A worm (D:2)
  2 dart slugs
  6 bats
  2 endoplasms
  2 giant cockroaches (D:1)
  7 goblins
  A hobgoblin (D:1)
  8 jackals (D:1)
  3 quokkas (D:1)
  5 ball pythons
  5 frilled lizards
  3 kobolds
45 creatures vanquished.

Notes
Turn   | Place    | Note
-------+----------+-------------------------------------------
     0 | D:1      | Vomitron the Demonspawn Gladiator began the quest for the
                  | Orb.
     0 | D:1      | Reached XP level 1. HP: 16/16 MP: 1/1
   199 | D:1      | Gained mutation: You have a pair of small antennae on your
                  | head. [demonic ancestry]
   199 | D:1      | Reached XP level 2. HP: 18/22 MP: 2/2
   598 | D:1      | Gained mutation: You have a pair of antennae on your head.
                  | [demonic ancestry]
   598 | D:1      | Reached XP level 3. HP: 28/28 MP: 3/3
   638 | D:1      | Found Ecyfi's Book Shoppe.
  1747 | D:3      | Killed from afar by an orc wizard

Illustrated notes

Levels and vault maps discovered:
D:1:      onia_arrival_pyramid, layout_loops_corners, serial_shops,
          nicolae_shop_advertising_works [nicolae_subvault_shop_adworks]
D:2:      layout_rooms, minmay_misc_feat_alley, kennysheep_path_1
D:3:      layout_basic, ebering_ecumenical_altar_rust,
          chequers_serial_rivers_micro_b, kennysheep_generic_room_8

Skill      XL: |  1  2 |
---------------+-------+-----
Long Blades    | 3 |  3.5
Dodging        | 3 |  3.2
Fighting       | |  2.6
Throwing       | |  1.7

Action                     || total
---------------------------++-------
  Melee: Long sword        ||   160
         Punch             ||     2
  Throw: Dart              ||     8
   Stab: Sleeping          ||     1
 Armour: Leather armour    ||    53
  Dodge: Dodged            ||   127

Table legend: (Time is in decaauts)
 A = Elapsed time spent in this place.
 B = Non-inter-level travel time spent in this place.
 C = Inter-level travel time spent in this place.
 D = Time resting spent in this place.
 E = Time spent auto-exploring this place.
 F = Levels seen in this place.
 G = Mean time per level.
                   A        B        C        D        E       F      G
               +--------+--------+--------+--------+--------+-----+--------+
         Total |   1784 |   1749 |     35 |     15 |   1330 |   3 |  594.7 |
       Dungeon |   1784 |   1749 |     35 |     15 |   1330 |   3 |  594.7 |
               +--------+--------+--------+--------+--------+-----+--------+

Top non-repeatable levels by time:
     D:1: 1168 daAuts
     D:2: 567 daAuts
     D:3: 48 daAuts
